Map: King's Cove LE

Players

Seither

  • Race: Terran Terran
  • Spawn Location: 5:00

Silky - Winner!

  • Race: Zerg Zerg
  • Spawn Location: 11:00

Event: 2019 WCS Winter Americas

VOD

Have the link to the VOD?

Description

Time

  • Played on: Feb. 9, 2019, 1:49 p.m.
  • Length: 6:57

All games in this series

Show
View Real Time Build Order
Export as new Build Order

Seither Terran 

Build Orders: Gas First Reaper Expand 

Get SALT Encoding   

  12  0:00  SCV  
  13  0:12  SCV  
  14  0:18  Supply Depot  
  14  0:25  SCV  
  15  0:29  Refinery  
  15  0:39  SCV  
  16  0:46  Barracks  
  16  0:51  SCV  
  17  1:04  SCV  
  18  1:16  SCV  
  19  1:32  Orbital Command  
  19  1:33  Reaper  
  20  1:45  Command Center  
  20  1:56  Factory  
  20  2:00  SCV  
  21  2:06  Barracks Reactor  
  21  2:15  SCV  
  22  2:16  Supply Depot  
  22  2:21  Refinery  
  22  2:27  SCV  
  21  2:39  SCV  
  21  2:40  Command Center  
  21  2:42  Hellion  
  24  2:48  Marine x2  
  25  2:58  SCV  
  26  2:59  Supply Depot  
  26  3:16  SCV  
  29  3:20  Hellion  
  29  3:25  Hellion  
  31  3:30  SCV  
  32  3:41  Barracks Tech Lab  
  32  3:42  SCV  
  33  3:55  Barracks  
  33  3:56  Barracks  
  33  3:59  Marine  
  33  4:00  Stimpack  
  33  4:01  Factory Reactor  
  34  4:07  SCV  
  35  4:14  Engineering Bay  
  35  4:20  SCV, Orbital Command  
  35  4:36  Marine  
  33  4:39  SCV  
  29  4:47  Orbital Command, Marine  
  29  4:48  Marine x2  
  29  4:49  Terran Infantry Weapons Level 1  
  29  4:51  SCV, Starport  
  31  4:58  Hellion  
  33  5:04  Hellion  
  33  5:05  SCV  
  36  5:08  Marine  
  36  5:09  Marine  
  39  5:14  SCV  
  39  5:17  SCV  
  40  5:28  Hellion x2  
  44  5:29  Medivac, Marine  
  44  5:34  Supply Depot  
  47  5:43  Armory  
  47  5:44  Marine x3  
  47  5:47  Marine  
  51  5:53  Hellion  
  51  5:56  Hellion  
  55  5:58  Supply Depot  
  55  6:06  Medivac  
  55  6:07  Marine x3  
  60  6:14  Marine  
  61  6:20  Hellion x2  
  61  6:21  Supply Depot  
  61  6:24  Marine  
  61  6:25  Marine  
  67  6:27  Supply Depot  
  67  6:31  Marine  
  67  6:32  Marine  
  69  6:42  Supply Depot  
Show
View Real Time Build Order
Export as new Build Order

Silky Zerg - Winner!

Build Orders: Pool First 

Get SALT Encoding   

  12  0:00  Drone  
  13  0:13  Overlord  
  13  0:18  Drone  
  14  0:31  Drone x2  
  16  0:41  Spawning Pool  
  15  0:45  Drone  
  15  0:49  Drone  
  17  1:09  Hatchery  
  16  1:12  Drone  
  17  1:27  Extractor  
  17  1:28  Zergling x6  
  19  1:33  Queen  
  19  1:39  Overlord  
  21  1:49  Drone  
  22  2:00  Drone  
  23  2:09  Queen  
  23  2:11  Drone  
  26  2:25  Drone  
  26  2:26  Drone  
  28  2:30  Metabolic Boost  
  28  2:34  Drone  
  28  2:35  Drone  
  30  2:47  Hatchery  
  30  2:48  Drone  
  30  2:51  Drone  
  31  2:55  Drone x2  
  33  3:00  Overlord  
  33  3:03  Drone  
  34  3:07  Drone  
  35  3:15  Drone  
  35  3:18  Queen  
  38  3:20  Drone  
  38  3:21  Drone x2  
  38  3:24  Drone  
  42  3:28  Drone x2  
  44  3:34  Overlord  
  44  3:35  Overlord  
  43  3:53  Drone x2  
  43  3:54  Drone x5  
  50  3:55  Lair  
  50  4:03  Queen  
  50  4:04  Extractor, Drone x2  
  50  4:05  Extractor  
  52  4:10  Overlord  
  52  4:11  Drone  
  52  4:13  Drone  
  54  4:22  Zergling x10  
  54  4:23  Baneling Nest  
  58  4:29  Drone x4  
  56  4:38  Drone x2  
  56  4:41  Drone  
  56  4:43  Drone x2  
  59  4:47  Spore Crawler  
  59  4:48  Spore Crawler, Overlord  
  59  4:52  Spore Crawler  
  56  4:56  Drone x3  
  58  5:02  Drone  
  60  5:07  Drone  
  60  5:08  Queen  
  60  5:10  Centrifical Hooks  
  60  5:14  Drone x2  
  66  5:15  Drone  
  66  5:16  Drone x6  
  73  5:22  Zergling x2  
  73  5:24  Overseer  
  74  5:33  Overlord x3  
  74  5:40  Extractor, Drone  
  74  5:42  Overlord, Extractor  
  72  5:43  Drone  
  72  5:49  Evolution Chamber x2  
  71  5:52  Drone x2  
  71  5:53  Drone  
  71  5:54  Drone x4  
  71  5:55  Drone  
  71  5:56  Zergling x8  
  83  6:05  Zergling x2  
  83  6:09  Zergling x2  
  83  6:10  Zergling x2  
  86  6:12  Baneling x5  
  86  6:13  Baneling x3  
  86  6:14  Zergling x6  
  86  6:17  Zergling x2  
  90  6:18  Queen  
  90  6:19  Queen x2  
  90  6:21  Zergling x4  
  90  6:22  Zergling x4  
  90  6:24  Baneling  
  90  6:25  Baneling x4  
  100  6:26  Zergling x4  
  100  6:30  Zergling x4, Spine Crawler  
  100  6:31  Baneling, Spine Crawler  
  100  6:32  Baneling x2  
  102  6:33  Baneling x2  
  102  6:34  Baneling x2  
  102  6:36  Zergling x2  
  102  6:37  Zergling x2  
  104  6:40  Baneling x6  
  104  6:41  Baneling  
Tags
 
Add a new tag
Caveats
  • Supply blocks, unpowered buildings, or Contaminate may cause inaccurate times.
  • Supply counts are checked every 10 seconds.